 Dungeon Crawl Stone Soup version 0.25-a0-578-gc91f01c39c (webtiles) character file.

Game seed: 5689876562433334308, levelgen mode: deterministic

21 An17 the Grave Robber (level 2, 19/19 HPs)
             Began as a Mummy Necromancer on Mar 4, 2020.
             Safely got out of the dungeon.
             The game lasted 00:03:09 (744 turns).

An17 the Grave Robber (Mummy Necromancer)            Turns: 744, Time: 00:03:10

Health: 19/19      AC:  3    Str: 11    XL:     2   Next: 62%
Magic:  5/5        EV: 12    Int: 14    God:
Gold:   64         SH:  0    Dex: 12    Spells: 4/6 levels left

rFire    x . .     SeeInvis .   e - +0 dagger
rCold    + . .     Gourm    .   (no shield)
rNeg     + + +     Faith    .   c - +0 leather armour
rPois    ∞         Spirit   .   (no helmet)
rElec    .         Reflect  .   (no cloak)
rCorr    .         Harm     .   (no gloves)
MR       .....                  (no boots)
Stlth    +.........             (no amulet)
HPRegen  0.06/turn              (no ring)
MPRegen  0.09/turn              (no ring)

@: no status effects
A: no food or potions, fire vulnerability, cold resistance 1, negative energy
resistance 3, torment resistance, unbreathing
a: no special abilities


You escaped.
You were not hungry.

You visited 1 branch of the dungeon, and saw 1 of its levels.

You collected 64 gold pieces.

Inventory:

Hand Weapons
 e - a +0 dagger (weapon)
Armour
 c - a +0 leather armour (worn)
 d - a +0 ring mail


   Skills:
 + Level 0.3 Fighting
 + Level 1.8 Dodging
 - Level 1.5 Stealth
 + Level 2.7 Spellcasting
 + Level 4.5 Necromancy


You had 4 spell levels left.
You knew the following spells:

 Your Spells              Type           Power        Failure   Level  Hunger
a - Pain                  Necr           ##..         4%          1    N/A
b - Animate Skeleton      Necr           N/A          4%          1    N/A

Your spell library contained the following spells:

 Spells                   Type           Power        Failure   Level  Hunger
 Vampiric Draining        Necr           ##........   13%         3    N/A
 Animate Dead             Necr           N/A          41%         4    N/A
 Agony                    Necr           ##......     77%         5    N/A

Dungeon Overview and Level Annotations

Branches:
Dungeon (1/15)

Altars:


Innate Abilities, Weirdness & Mutations

You do not eat or drink.
Your flesh is vulnerable to fire.
You are immune to poison.
Your flesh is cold resistant. (rC+)
You are immune to negative energy. (rN+++)
You are immune to unholy pain and torment.
You can survive without breathing.


Message History

You swap places.
You open the door.
There is an open door here.
There is an open door here.
You open the door.
There is a large open door here.
There is a large open door here.
There is an open door here.
Found a whip.
You swap places.
You open the door.
There is an open door here.
There is an open door here.
Done exploring.
You swap places.
There is an open door here.
There is a stone staircase leading down here.
There is a staircase leading out of the dungeon here.
Are you sure you want to leave the Dungeon?
This will make you lose the game!
You have escaped!

....###....#...##.....#....#.%...
.##........#...##.....+.......(..
.##.....####...##.....#....#..###
.##.....##...####.....####.#.####
.##......'...'..#.....# #.#(....
###....###...########## #.......
.##.#### ##### ######..
.##.#############################
.....#.#.....#..@Z....#..#....#
###.##.#..#..#.....#..........###
#....#..#..#.....#..#..#..#....
###Z............................#
..#.##.......#..#..#..#..#..#.#..
..#.##.#..#.....#..#.....#..#.#.#
..Z.###########################..
..#.############### #.#
..................#############..


You could see a friendly bat skeleton.

Vanquished Creatures
  2 leopard geckos (D:1)
  A ball python (D:1)
  A bat (D:1)
  2 giant cockroaches (D:1)
  3 goblins (D:1)
  A hobgoblin (D:1)
  4 frilled lizards (D:1)
  3 kobolds (D:1)
17 creatures vanquished.

Vanquished Creatures (collateral kills)
  A rat (D:1)
1 creature vanquished.

Grand Total: 18 creatures vanquished

Notes
Turn   | Place    | Note
-------+----------+-------------------------------------------
     0 | D:1      | An17 the Mummy Necromancer began the quest for the Orb.
     0 | D:1      | Reached XP level 1. HP: 13/13 MP: 4/4
    67 | D:1      | Learned a level 1 spell: Animate Skeleton
   129 | D:1      | Reached XP level 2. HP: 19/19 MP: 3/5
   744 | D:$      | Safely got out of the dungeon.

Levels and vault maps discovered:
D:1:      dpeg_arrival_ternary, layout_basic, corexii_item_surrounded_by_moat

Action                   || total
-------------------------++-------
Melee: Club              ||    11
 Cast: Pain              ||    18
       Animate Skeleton  ||     6
  Use: Scroll            ||     3
Armor: Leather armour    ||     1
Dodge: Dodged            ||    12

Table legend:
 A = Non-vault XP
 B = Vault XP
 C = Vault XP percentage of total XP
 D = Non-vault monster count
 E = Vault monster count
 F = Vault count percentage of total count
                 A         B        C        D         E       F
            +---------+---------+-------+---------+---------+-------
      Total |      30 |       0 |   0.0 |      18 |       0 |   0.0
            +---------+---------+-------+---------+---------+-------
        D:1 |      30 |       0 |   0.0 |      18 |       0 |   0.0
            +---------+---------+-------+---------+---------+-------
